Newfoundland Shamrocks vs Sarnia Sailors
Created - Wednesday, November 15, 2023 at 07:40
Goals
|
| Newfoundland Shamrocks |
1 |
0 |
0 |
1 |
| Sarnia Sailors |
0 |
1 |
1 |
2 |
|
Shots
|
| Newfoundland Shamrocks |
10 |
12 |
14 |
36 |
| Sarnia Sailors |
4 |
23 |
10 |
37 |
|
1st period
1. Newfoundland Shamrocks , Alex Chiasson 30 (Jeremie Poirier 8, Maxime Comtois 25) at 9:52
Penalties :
Dominic Toninato (SAR) for Roughing (Minor) at 6:55, Keegan Kolesar (SAR) for Fighting (Major) at 9:57, Peter Abbandonato (NFS) for Fighting (Major) at 9:57, Keegan Kolesar (SAR) for instigated a fight (Minor) at 9:57, Keegan Kolesar (SAR) for instigated a fight (10 Minutes Misconduct) at 9:57, Jon Merrill (NFS) for Hooking (Minor) at 18:52
2nd period
2. Sarnia Sailors , Jesse Puljujarvi 30 (Tristen Nielsen 38, Declan Chisholm 11) at 2:22
Penalties :
Maxime Comtois (NFS) for Roughing (Double Minor) at 6:05
3rd period
3. Sarnia Sailors , Daniel Torgersson 3 (Brad Lambert 13, Zach Uens 3) at 12:16
Penalties :
Jamie Drysdale (SAR) for Fighting (Major) at 17:22, Wyatte Wylie (NFS) for Fighting (Major) at 17:22, Dominic Toninato (SAR) for Fighting (Major) at 17:45, Nicolas Deslauriers (NFS) for Fighting (Major) at 17:45
Goalie Stats
Mackenzie Blackwood (NFS), 35 saves from 37 shots - (0.946), L, 6-4-0, 58:42 minutes
Laurent Brossoit (SAR), 35 saves from 36 shots - (0.972), W, 25-4-4, 60:00 minutes
Players Stats for Newfoundland Shamrocks
Player Name G A P +/- PIM S H SB GA TA FO MP PP MP PK MP
------------------------------------------------------------------------------------
Alex Chiasson 1 0 1 0 0 7 0 0 0 0 0/1 17:21 1:59 0:00
Alex Galchenyuk 0 0 0 -1 0 3 0 2 0 0 0/0 12:44 1:57 0:46
Drew O'Connor 0 0 0 0 0 1 0 1 1 0 0/0 14:58 0:00 2:31
Dylan Coghlan 0 0 0 0 0 2 1 2 0 1 0/0 19:30 0:00 3:04
Jeremie Poirier 0 1 1 1 0 0 1 0 0 1 0/0 20:23 2:01 2:40
Jon Merrill 0 0 0 -2 2 1 1 2 0 0 0/0 21:42 1:57 0:00
Josh Archibald 0 0 0 0 0 6 1 0 2 0 0/0 16:06 0:00 2:41
Maxime Comtois 0 1 1 0 4 8 6 0 0 0 0/0 17:30 1:59 0:00
Nicolas Deslauriers 0 0 0 0 5 0 0 1 1 0 0/0 15:15 1:59 0:47
Peter Abbandonato 0 0 0 0 5 0 0 1 0 0 9/20 14:56 0:00 2:40
Raphael Lavoie 0 0 0 0 0 0 1 0 0 0 8/16 17:10 1:59 0:00
Robert Bortuzzo 0 0 0 -2 0 0 1 2 0 1 0/0 22:57 0:00 2:47
Samuel Poulin 0 0 0 0 0 1 1 2 0 0 6/11 13:55 1:59 0:00
Semyon Der-Arguchintsev 0 0 0 -1 0 3 2 0 1 0 1/5 9:18 0:00 0:00
Tanner Laczynski 0 0 0 -1 0 1 1 0 0 0 1/2 12:42 0:00 2:31
William Dufour 0 0 0 0 0 1 0 0 3 0 0/0 13:58 1:59 0:00
William Villeneuve 0 0 0 1 0 1 0 0 1 0 0/0 15:50 2:01 0:21
Wyatte Wylie 0 0 0 0 5 1 2 0 0 1 0/0 17:42 0:00 3:04
Players Stats for Sarnia Sailors
Player Name G A P +/- PIM S H SB GA TA FO MP PP MP PK MP
------------------------------------------------------------------------------------
Adam Erne 0 0 0 0 0 1 1 2 0 1 0/0 17:00 0:29 2:08
Adam Ginning 0 0 0 0 0 1 2 0 0 3 0/0 22:09 2:20 2:11
Brad Lambert 0 1 1 1 0 0 2 1 0 1 0/1 14:02 2:57 0:25
Cole Reinhardt 0 0 0 0 0 1 3 0 0 0 1/1 15:57 2:21 0:37
Daniel Torgersson 1 0 1 1 0 1 1 0 0 0 0/0 7:50 0:00 0:00
Declan Chisholm 0 1 1 0 0 0 1 7 0 1 0/0 20:21 0:00 1:47
Dominic Toninato 0 0 0 0 7 2 3 0 1 0 4/5 12:57 0:40 0:54
Jack Rathbone 0 0 0 0 0 6 1 1 0 1 0/0 27:46 3:10 2:11
Jamie Drysdale 0 0 0 0 5 1 1 0 1 0 0/0 18:07 3:02 0:00
Jesse Puljujarvi 1 0 1 0 0 5 0 1 0 0 0/0 15:35 2:18 0:00
Keegan Kolesar 0 0 0 0 17 3 1 0 0 0 2/2 14:16 1:44 0:28
Kevin Stenlund 0 0 0 0 0 0 3 2 0 0 9/21 21:09 2:18 2:08
Laurent Dauphin 0 0 0 1 0 5 1 2 1 0 2/7 9:30 0:08 1:16
Lucas Edmonds 0 0 0 0 0 0 1 0 0 0 0/1 13:36 1:19 0:00
Robert Hamilton 0 0 0 1 0 1 3 1 0 0 0/0 15:18 0:36 1:47
Tristen Nielsen 0 1 1 0 0 2 2 1 1 0 11/16 17:32 3:00 0:00
Vasily Podkolzin 0 0 0 0 0 5 3 0 0 1 1/1 19:00 3:00 0:00
Zach Uens 0 1 1 1 0 3 1 1 0 1 0/0 13:53 0:28 0:00
3 Stars
1 - Laurent Brossoit (SAR)
2 - Mackenzie Blackwood (NFS)
3 - Daniel Torgersson (SAR)
Power Play
Newfoundland Shamrocks - 0 on 2 Attempt(s) - 0.00%
Sarnia Sailors - 0 on 3 Attempt(s) - 0.00%
Penalty Kill
Newfoundland Shamrocks - 3 on 3 Attempt(s) - 100.00%
- Score 0 goal in Penalty Kill
Sarnia Sailors - 2 on 2 Attempt(s) - 100.00%
- Score 0 goal in Penalty Kill
Team Stat
Newfoundland Shamrocks - Hits : 18 - Faceoff Wins : 25 - Blocked Shots : 13 - Penalty Minutes : 21
Sarnia Sailors - Hits : 30 - Faceoff Wins : 30 - Blocked Shots : 19 - Penalty Minutes : 29
Official
Referees : Mark Lemelin and Rob Martell
Linesman : Mark Wheler and John Grandt
Game Notes
Peter Abbandonato beats up Keegan Kolesar at 9:57 of 1st period
Jamie Drysdale and Wyatte Wylie fight to a draw at 17:22 of 3rd period
Dominic Toninato beats up Nicolas Deslauriers at 17:45 of 3rd period
Newfoundland Shamrocks
5 vs 5 Forward
Center Left Wing Right Wing Time % Phy DF OF
1 Raphael Lavoie Maxime Comtois Alex Chiasson 30 1 2 2
2 Peter Abbandonato Nicolas Deslauriers Josh Archibald 30 1 2 2
3 Samuel Poulin Drew O'Connor William Dufour 25 1 2 2
4 Semyon Der-Arguchintsev Alex Galchenyuk Tanner Laczynski 15 1 2 2
5 vs 5 Defense
Defense Defense Time % Phy DF OF
1 Jon Merrill Robert Bortuzzo 30 1 2 2
2 Dylan Coghlan Wyatte Wylie 30 1 2 2
3 William Villeneuve Jeremie Poirier 25 1 2 2
4 Jon Merrill Robert Bortuzzo 15 1 2 2
PowerPlay Forward
Center Left Wing Right Wing Time % Phy DF OF
1 Raphael Lavoie Maxime Comtois Alex Chiasson 50 1 2 2
2 Samuel Poulin Nicolas Deslauriers William Dufour 50 1 2 2
PowerPlay Defense
Defense Defense Time % Phy DF OF
1 Jon Merrill Alex Galchenyuk 50 1 2 2
2 Jeremie Poirier William Villeneuve 50 1 2 2
Penalty Kill 4 Players Forward
Center Wing Time % Phy DF OF
1 Peter Abbandonato Josh Archibald 50 1 2 2
2 Tanner Laczynski Drew O'Connor 50 1 2 2
Penalty Kill 4 Players Defense
Defense Defense Time % Phy DF OF
1 Jeremie Poirier Robert Bortuzzo 50 1 2 2
2 Dylan Coghlan Wyatte Wylie 50 1 2 2
Penalty Kill - 3 Players Forward
Forward Time % Phy DF OF
1 Josh Archibald 50 1 2 2
2 Drew O'Connor 50 1 2 2
Penalty Kill - 3 Players Defense
Defense Defense Time % Phy DF OF
1 Jeremie Poirier Robert Bortuzzo 50 1 2 2
2 Dylan Coghlan Wyatte Wylie 50 1 2 2
4 vs 4 Forward
Center Wing Time % Phy DF OF
1 Raphael Lavoie Alex Chiasson 50 1 2 2
2 Samuel Poulin Maxime Comtois 50 1 2 2
4 vs 4 Defense
Defense Defense Time % Phy DF OF
1 Jeremie Poirier Robert Bortuzzo 50 1 2 2
2 Jon Merrill Alex Galchenyuk 50 1 2 2
Last Minutes Offensive
Center Left Wing Right Wing Defense Defense
Raphael Lavoie Maxime Comtois Alex Chiasson Jeremie Poirier Dylan Coghlan
Last Minutes Defensive
Center Left Wing Right Wing Defense Defense
Tanner Laczynski Drew O'Connor Josh Archibald Jeremie Poirier Robert Bortuzzo
Goaltenders
Starting : Mackenzie Blackwood
Backup : Casey DeSmith
Extra Forwards
Normal : Josh Archibald, Alex Chiasson, Nicolas Deslauriers - PP : Peter Abbandonato, Tanner Laczynski - PK : Nicolas Deslauriers
Extra Defensemen
Normal : Dylan Coghlan, Jeremie Poirier, Robert Bortuzzo - PP : Robert Bortuzzo - PK : William Villeneuve, Jon Merrill
Penalty Shots
Raphael Lavoie, Alex Galchenyuk, Samuel Poulin, William Dufour, Alex Chiasson
Sarnia Sailors
5 vs 5 Forward
Center Left Wing Right Wing Time % Phy DF OF
1 Kevin Stenlund Vasily Podkolzin Keegan Kolesar 40 2 1 2
2 Tristen Nielsen Adam Erne Jesse Puljujarvi 30 2 1 2
3 Dominic Toninato Cole Reinhardt Lucas Edmonds 20 1 2 2
4 Laurent Dauphin Daniel Torgersson Brad Lambert 10 2 1 2
5 vs 5 Defense
Defense Defense Time % Phy DF OF
1 Declan Chisholm Jack Rathbone 40 1 2 2
2 Jamie Drysdale Adam Ginning 30 2 1 2
3 Zach Uens Robert Hamilton 20 2 2 1
4 Adam Ginning Jack Rathbone 10 1 2 2
PowerPlay Forward
Center Left Wing Right Wing Time % Phy DF OF
1 Tristen Nielsen Vasily Podkolzin Keegan Kolesar 60 2 1 2
2 Kevin Stenlund Cole Reinhardt Jesse Puljujarvi 40 1 1 3
PowerPlay Defense
Defense Defense Time % Phy DF OF
1 Jamie Drysdale Jack Rathbone 60 1 1 3
2 Adam Ginning Brad Lambert 40 2 1 2
Penalty Kill 4 Players Forward
Center Wing Time % Phy DF OF
1 Kevin Stenlund Adam Erne 60 2 2 1
2 Laurent Dauphin Keegan Kolesar 40 2 2 1
Penalty Kill 4 Players Defense
Defense Defense Time % Phy DF OF
1 Adam Ginning Jack Rathbone 60 2 1 2
2 Declan Chisholm Robert Hamilton 40 2 2 1
Penalty Kill - 3 Players Forward
Forward Time % Phy DF OF
1 Kevin Stenlund 60 2 2 1
2 Tristen Nielsen 40 2 2 1
Penalty Kill - 3 Players Defense
Defense Defense Time % Phy DF OF
1 Adam Ginning Jack Rathbone 60 2 1 2
2 Declan Chisholm Robert Hamilton 40 2 2 1
4 vs 4 Forward
Center Wing Time % Phy DF OF
1 Kevin Stenlund Keegan Kolesar 60 2 1 2
2 Tristen Nielsen Vasily Podkolzin 40 2 1 2
4 vs 4 Defense
Defense Defense Time % Phy DF OF
1 Declan Chisholm Jack Rathbone 60 1 2 2
2 Jamie Drysdale Adam Ginning 40 2 1 2
Last Minutes Offensive
Center Left Wing Right Wing Defense Defense
Tristen Nielsen Vasily Podkolzin Keegan Kolesar Jamie Drysdale Jack Rathbone
Last Minutes Defensive
Center Left Wing Right Wing Defense Defense
Kevin Stenlund Adam Erne Tristen Nielsen Adam Ginning Jack Rathbone
Goaltenders
Starting : Laurent Brossoit
Backup : Remi Poirier
Extra Forwards
Normal : Brad Lambert, Cole Reinhardt, Lucas Edmonds - PP : Brad Lambert, Cole Reinhardt - PK : Dominic Toninato
Extra Defensemen
Normal : Zach Uens, Jamie Drysdale, Adam Ginning - PP : Robert Hamilton - PK : Zach Uens, Jamie Drysdale
Penalty Shots
Tristen Nielsen, Vasily Podkolzin, Keegan Kolesar, Kevin Stenlund, Cole Reinhardt
% Time on Ice - Newfoundland Shamrocks
Lines # - Real PCT - Wanted PCT - Time Play
Normal Forward
1 - 28% - 30% - 13:55
2 - 28% - 30% - 13:44
3 - 24% - 25% - 11:53
4 - 19% - 15% - 9:18
Normal Defense
1 - 30% - 30% - 14:31
2 - 31% - 30% - 15:20
3 - 27% - 25% - 13:20
4 - 12% - 15% - 5:39
PP Forward
1 - 50% - 50% - 1:59
2 - 50% - 50% - 1:59
PP Defense
1 - 49% - 50% - 1:57
2 - 51% - 50% - 2:01
PK Forward
1 - 51% - 50% - 3:04
2 - 49% - 50% - 2:54
PK Defense
1 - 49% - 50% - 2:54
2 - 51% - 50% - 3:04
PK3 Forward
1 - 0% - 50%
2 - 0% - 50%
PK3 Defense
1 - 0% - 50%
2 - 0% - 50%
44 Forward
1 - 0% - 50%
2 - 0% - 50%
44 Defense
1 - 0% - 50%
2 - 0% - 50%
Last Minute Offensive - 1:14
Last Minute Defensive - 0:00
Total
Forward - 60:00
Defense - 60:00
|
% Time on Ice - Sarnia Sailors
Lines # - Real PCT - Wanted PCT - Time Play
Normal Forward
1 - 32% - 40% - 15:47
2 - 28% - 30% - 13:33
3 - 24% - 20% - 11:41
4 - 16% - 10% - 7:50
Normal Defense
1 - 41% - 40% - 19:57
2 - 28% - 30% - 13:52
3 - 25% - 20% - 12:20
4 - 6% - 10% - 2:42
PP Forward
1 - 54% - 60% - 3:15
2 - 46% - 40% - 2:43
PP Defense
1 - 61% - 60% - 3:38
2 - 39% - 40% - 2:20
PK Forward
1 - 68% - 60% - 2:42
2 - 32% - 40% - 1:16
PK Defense
1 - 55% - 60% - 2:11
2 - 45% - 40% - 1:47
PK3 Forward
1 - 0% - 60%
2 - 0% - 40%
PK3 Defense
1 - 0% - 60%
2 - 0% - 40%
44 Forward
1 - 0% - 60%
2 - 0% - 40%
44 Defense
1 - 0% - 60%
2 - 0% - 40%
Last Minute Offensive - 0:00
Last Minute Defensive - 1:13
Total
Forward - 60:00
Defense - 60:00
|
Play-by-Play
1st period
0:01 of 1st period - Kevin Stenlund wins face-off versus Raphael Lavoie in neutral zone.
0:04 of 1st period - Maxime Comtois is hit by Vasily Podkolzin and loses puck.
0:13 of 1st period - Wrist shot by Alex Chiasson.
0:13 of 1st period - Shot Blocked by Declan Chisholm.
0:15 of 1st period - Snap shot by Maxime Comtois.
0:15 of 1st period - Deflect By Alex Chiasson.
0:15 of 1st period - Shot Blocked by Kevin Stenlund.
0:15 of 1st period - Puck is out of play.
0:16 of 1st period - Peter Abbandonato wins face-off versus Tristen Nielsen in Sarnia Sailors zone.
0:29 of 1st period - Snap shot by Josh Archibald.
0:29 of 1st period - Stopped by Laurent Brossoit with a rebound.
0:41 of 1st period - William Dufour is hit by Cole Reinhardt.
1:07 of 1st period - Wrist shot by Semyon Der-Arguchintsev.
1:07 of 1st period - Shot Misses the Net.
1:25 of 1st period - Wrist shot by Josh Archibald.
1:25 of 1st period - Stopped by Laurent Brossoit without a rebound.
1:26 of 1st period - Peter Abbandonato wins face-off versus Laurent Dauphin in Sarnia Sailors zone.
1:39 of 1st period - Slapshot by Jack Rathbone.
1:39 of 1st period - Stopped by Mackenzie Blackwood without a rebound.
1:40 of 1st period - Tristen Nielsen wins face-off versus Samuel Poulin in Newfoundland Shamrocks zone.
2:05 of 1st period - Declan Chisholm is hit by Tanner Laczynski and loses puck.
2:52 of 1st period - Wrist shot by Josh Archibald.
2:52 of 1st period - Shot Blocked by Laurent Dauphin.
3:32 of 1st period - Wrist shot by Dominic Toninato.
3:32 of 1st period - Shot Misses the Net.
4:02 of 1st period - Dylan Coghlan is hit by Vasily Podkolzin and loses puck.
4:45 of 1st period - Snap shot by Jesse Puljujarvi.
4:45 of 1st period - Stopped by Mackenzie Blackwood with a rebound.
4:47 of 1st period - Slapshot by Robert Hamilton.
4:47 of 1st period - Shot Blocked by Robert Bortuzzo.
5:06 of 1st period - Declan Chisholm is hit by Robert Bortuzzo and loses puck.
5:46 of 1st period - William Villeneuve is hit by Tristen Nielsen and loses puck.
6:21 of 1st period - Snap shot by Alex Galchenyuk.
6:21 of 1st period - Stopped by Laurent Brossoit without a rebound.
6:22 of 1st period - Cole Reinhardt wins face-off versus Semyon Der-Arguchintsev in Sarnia Sailors zone.
6:32 of 1st period - Icing by Adam Ginning.
6:33 of 1st period - Dominic Toninato wins face-off versus Peter Abbandonato in Sarnia Sailors zone.
6:55 of 1st period - Minor Penalty to Dominic Toninato for Roughing.
6:56 of 1st period - Kevin Stenlund wins face-off versus Alex Chiasson in Sarnia Sailors zone.
7:09 of 1st period - Snap shot by Alex Chiasson.
7:09 of 1st period - Deflect By Maxime Comtois.
7:09 of 1st period - Stopped by Laurent Brossoit without a rebound.
7:10 of 1st period - Samuel Poulin wins face-off versus Kevin Stenlund in Sarnia Sailors zone.
8:29 of 1st period - Jon Merrill is hit by Robert Hamilton and loses puck.
8:51 of 1st period - Icing by Nicolas Deslauriers.
8:52 of 1st period - Samuel Poulin wins face-off versus Kevin Stenlund in Newfoundland Shamrocks zone.
8:55 of 1st period - Penalty to Dominic Toninato is over, Dominic Toninato is back on ice.
9:01 of 1st period - Keegan Kolesar is hit by Jeremie Poirier and loses puck.
9:08 of 1st period - Snap shot by Semyon Der-Arguchintsev.
9:08 of 1st period - Stopped by Laurent Brossoit without a rebound.
9:09 of 1st period - Raphael Lavoie wins face-off versus Tristen Nielsen in Sarnia Sailors zone.
9:12 of 1st period - Snap shot by Alex Chiasson.
9:12 of 1st period - Stopped by Laurent Brossoit with a rebound.
9:16 of 1st period - Snap shot by Maxime Comtois.
9:16 of 1st period - Shot Misses the Net.
9:18 of 1st period - Wrist shot by Maxime Comtois.
9:18 of 1st period - Stopped by Laurent Brossoit without a rebound.
9:19 of 1st period - Tristen Nielsen wins face-off versus Raphael Lavoie in Sarnia Sailors zone.
9:19 of 1st period - Tristen Nielsen is hit by Maxime Comtois.
9:25 of 1st period - Robert Bortuzzo is hit by Adam Erne and loses puck.
9:48 of 1st period - Slapshot by Alex Chiasson.
9:48 of 1st period - Shot Blocked by Robert Hamilton.
9:50 of 1st period - Slapshot by Jeremie Poirier.
9:50 of 1st period - Shot Misses the Net.
9:52 of 1st period - Slapshot by Alex Chiasson.
9:52 of 1st period - Goal by Alex Chiasson - Newfoundland Shamrocks : 1 - Sarnia Sailors : 0.
9:53 of 1st period - Kevin Stenlund wins face-off versus Peter Abbandonato in neutral zone.
9:57 of 1st period - Peter Abbandonato beats up Keegan Kolesar.
9:57 of 1st period - Penalty to Keegan Kolesar for Fighting.
9:57 of 1st period - Penalty to Peter Abbandonato for Fighting.
9:57 of 1st period - Penalty to Keegan Kolesar for instigated a fight.
9:57 of 1st period - Penalty to Keegan Kolesar for instigated a fight.
9:58 of 1st period - Samuel Poulin wins face-off versus Kevin Stenlund in Newfoundland Shamrocks zone.
10:26 of 1st period - Snap shot by Jack Rathbone.
10:26 of 1st period - Stopped by Mackenzie Blackwood with a rebound.
11:57 of 1st period - Penalty to Keegan Kolesar is over, Brad Lambert is send on ice.
13:25 of 1st period - Jamie Drysdale is hit by Maxime Comtois and loses puck.
14:22 of 1st period - Icing by Dominic Toninato.
14:23 of 1st period - Dominic Toninato wins face-off versus Raphael Lavoie in Sarnia Sailors zone.
14:36 of 1st period - Drew O'Connor is hit by Zach Uens and loses puck.
15:17 of 1st period - Wrist shot by Laurent Dauphin.
15:17 of 1st period - Stopped by Mackenzie Blackwood with a rebound.
15:29 of 1st period - Nicolas Deslauriers is hit by Kevin Stenlund and loses puck.
16:20 of 1st period - Snap shot by Tanner Laczynski.
16:20 of 1st period - Deflect By Semyon Der-Arguchintsev.
16:20 of 1st period - Stopped by Laurent Brossoit with a rebound.
16:40 of 1st period - Jon Merrill is hit by Cole Reinhardt and loses puck.
17:29 of 1st period - Tristen Nielsen is hit by Raphael Lavoie and loses puck.
17:53 of 1st period - Brad Lambert is hit by Wyatte Wylie.
18:03 of 1st period - Wrist shot by William Dufour.
18:03 of 1st period - Stopped by Laurent Brossoit with a rebound.
18:29 of 1st period - Brad Lambert is hit by Samuel Poulin and loses puck.
18:52 of 1st period - Minor Penalty to Jon Merrill for Hooking.
18:53 of 1st period - Peter Abbandonato wins face-off versus Brad Lambert in Newfoundland Shamrocks zone.
19:38 of 1st period - Jeremie Poirier is hit by Brad Lambert and loses puck.
19:55 of 1st period - Robert Bortuzzo is hit by Lucas Edmonds and loses puck.
Goals for this period are 1 for Newfoundland Shamrocks vs 0 for Sarnia Sailors.
Shots for this period are 10 for Newfoundland Shamrocks vs 4 for Sarnia Sailors.
2nd period
0:01 of 2nd period - Tanner Laczynski wins face-off versus Tristen Nielsen in neutral zone.
0:14 of 2nd period - Snap shot by Tristen Nielsen.
0:14 of 2nd period - Shot Blocked by Dylan Coghlan.
0:16 of 2nd period - Slapshot by Jamie Drysdale.
0:16 of 2nd period - Shot Blocked by Dylan Coghlan.
0:49 of 2nd period - Peter Abbandonato is hit by Adam Ginning and loses puck.
0:52 of 2nd period - Penalty to Jon Merrill is over, Jon Merrill is back on ice.
1:08 of 2nd period - Wrist shot by Maxime Comtois.
1:08 of 2nd period - Stopped by Laurent Brossoit with a rebound.
1:44 of 2nd period - Icing by Jack Rathbone.
1:45 of 2nd period - Tristen Nielsen wins face-off versus Semyon Der-Arguchintsev in Sarnia Sailors zone.
2:04 of 2nd period - Snap shot by Jesse Puljujarvi.
2:04 of 2nd period - Stopped by Mackenzie Blackwood with a rebound.
2:06 of 2nd period - Slapshot by Robert Hamilton.
2:06 of 2nd period - Stopped by Mackenzie Blackwood with a rebound.
2:08 of 2nd period - Slapshot by Declan Chisholm.
2:08 of 2nd period - Shot Blocked by Alex Galchenyuk.
2:10 of 2nd period - Snap shot by Adam Erne.
2:10 of 2nd period - Shot Misses the Net.
2:14 of 2nd period - Slapshot by Jesse Puljujarvi.
2:14 of 2nd period - Shot Misses the Net.
2:16 of 2nd period - Backhand shot by Jack Rathbone.
2:16 of 2nd period - Shot Blocked by Jon Merrill.
2:18 of 2nd period - Slapshot by Declan Chisholm.
2:18 of 2nd period - Shot Blocked by Alex Galchenyuk.
2:20 of 2nd period - Snap shot by Tristen Nielsen.
2:20 of 2nd period - Stopped by Mackenzie Blackwood with a rebound.
2:22 of 2nd period - Snap shot by Jesse Puljujarvi.
2:22 of 2nd period - Goal by Jesse Puljujarvi - Newfoundland Shamrocks : 1 - Sarnia Sailors : 1.
2:23 of 2nd period - Raphael Lavoie wins face-off versus Kevin Stenlund in neutral zone.
2:26 of 2nd period - Wrist shot by Alex Chiasson.
2:26 of 2nd period - Shot Blocked by Declan Chisholm.
2:28 of 2nd period - Slapshot by Maxime Comtois.
2:28 of 2nd period - Stopped by Laurent Brossoit with a rebound.
2:32 of 2nd period - Snap shot by Alex Chiasson.
2:32 of 2nd period - Deflect By Jack Rathbone.
2:32 of 2nd period - Shot Blocked by Kevin Stenlund.
2:32 of 2nd period - Puck is out of play.
2:33 of 2nd period - Raphael Lavoie wins face-off versus Kevin Stenlund in Sarnia Sailors zone.
2:38 of 2nd period - Backhand shot by Maxime Comtois.
2:38 of 2nd period - Shot Misses the Net.
2:40 of 2nd period - Snap shot by Dylan Coghlan.
2:40 of 2nd period - Stopped by Laurent Brossoit with a rebound.
2:42 of 2nd period - Slapshot by Alex Chiasson.
2:42 of 2nd period - Stopped by Laurent Brossoit with a rebound.
2:44 of 2nd period - Wrist shot by Maxime Comtois.
2:44 of 2nd period - Shot Blocked by Declan Chisholm.
2:46 of 2nd period - Slapshot by Wyatte Wylie.
2:46 of 2nd period - Deflect By Kevin Stenlund.
2:46 of 2nd period - Stopped by Laurent Brossoit without a rebound.
2:47 of 2nd period - Peter Abbandonato wins face-off versus Kevin Stenlund in Sarnia Sailors zone.
2:48 of 2nd period - Wrist shot by Josh Archibald.
2:48 of 2nd period - Shot Misses the Net.
2:54 of 2nd period - Snap shot by Kevin Stenlund.
2:54 of 2nd period - Shot Misses the Net.
2:56 of 2nd period - Wrist shot by Jack Rathbone.
2:56 of 2nd period - Shot Blocked by Robert Bortuzzo.
2:58 of 2nd period - Snap shot by Vasily Podkolzin.
2:58 of 2nd period - Shot Misses the Net.
3:00 of 2nd period - Snap shot by Kevin Stenlund.
3:00 of 2nd period - Shot Misses the Net.
3:02 of 2nd period - Slapshot by Declan Chisholm.
3:02 of 2nd period - Shot Blocked by Jon Merrill.
3:34 of 2nd period - Dylan Coghlan is hit by Dominic Toninato and loses puck.
3:43 of 2nd period - Samuel Poulin is hit by Cole Reinhardt and loses puck.
3:54 of 2nd period - Dylan Coghlan is hit by Kevin Stenlund and loses puck.
4:09 of 2nd period - Snap shot by Laurent Dauphin.
4:09 of 2nd period - Shot Misses the Net.
4:11 of 2nd period - Backhand shot by Jack Rathbone.
4:11 of 2nd period - Deflect By Laurent Dauphin.
4:11 of 2nd period - Stopped by Mackenzie Blackwood without a rebound.
4:12 of 2nd period - Peter Abbandonato wins face-off versus Laurent Dauphin in Newfoundland Shamrocks zone.
4:39 of 2nd period - Jon Merrill is hit by Kevin Stenlund and loses puck.
4:46 of 2nd period - Slapshot by Maxime Comtois.
4:46 of 2nd period - Stopped by Laurent Brossoit without a rebound.
4:47 of 2nd period - Kevin Stenlund wins face-off versus Peter Abbandonato in Sarnia Sailors zone.
4:57 of 2nd period - 10 Minutes Misconduct Penalty to Keegan Kolesar is over.
5:51 of 2nd period - Alex Galchenyuk is hit by Jack Rathbone and loses puck.
6:05 of 2nd period - Double Minor Penalty to Maxime Comtois for Roughing.
6:06 of 2nd period - Tristen Nielsen wins face-off versus Tanner Laczynski in Newfoundland Shamrocks zone.
8:08 of 2nd period - Snap shot by Dominic Toninato.
8:08 of 2nd period - Stopped by Mackenzie Blackwood with a rebound.
8:16 of 2nd period - Slapshot by Dominic Toninato.
8:16 of 2nd period - Deflect By Adam Erne.
8:16 of 2nd period - Shot Misses the Net.
8:16 of 2nd period - Puck is out of play.
8:17 of 2nd period - Tristen Nielsen wins face-off versus Peter Abbandonato in Newfoundland Shamrocks zone.
8:26 of 2nd period - Peter Abbandonato is hit by Robert Hamilton and loses puck.
10:05 of 2nd period - Penalty to Maxime Comtois is over, Maxime Comtois is back on ice.
10:09 of 2nd period - Wyatte Wylie is hit by Dominic Toninato.
10:48 of 2nd period - Icing by Cole Reinhardt.
10:49 of 2nd period - Raphael Lavoie wins face-off versus Laurent Dauphin in Sarnia Sailors zone.
11:12 of 2nd period - Slapshot by Semyon Der-Arguchintsev.
11:12 of 2nd period - Shot Misses the Net.
11:14 of 2nd period - Slapshot by Jon Merrill.
11:14 of 2nd period - Shot Blocked by Declan Chisholm.
12:21 of 2nd period - Backhand shot by Vasily Podkolzin.
12:21 of 2nd period - Stopped by Mackenzie Blackwood with a rebound.
12:31 of 2nd period - Snap shot by Vasily Podkolzin.
12:31 of 2nd period - Stopped by Mackenzie Blackwood with a rebound.
12:53 of 2nd period - Slapshot by Adam Erne.
12:53 of 2nd period - Shot Blocked by Drew O'Connor.
13:05 of 2nd period - Drew O'Connor is hit by Tristen Nielsen and loses puck.
13:44 of 2nd period - Wrist shot by Laurent Dauphin.
13:44 of 2nd period - Stopped by Mackenzie Blackwood with a rebound.
13:48 of 2nd period - Wrist shot by Brad Lambert.
13:48 of 2nd period - Shot Misses the Net.
13:50 of 2nd period - Slapshot by Jack Rathbone.
13:50 of 2nd period - Stopped by Mackenzie Blackwood with a rebound.
14:06 of 2nd period - Snap shot by Alex Chiasson.
14:06 of 2nd period - Deflect By Jesse Puljujarvi.
14:06 of 2nd period - Shot Blocked by Tristen Nielsen.
14:06 of 2nd period - Puck is out of play.
14:07 of 2nd period - Tristen Nielsen wins face-off versus Raphael Lavoie in Sarnia Sailors zone.
14:07 of 2nd period - Jesse Puljujarvi is hit by Maxime Comtois and loses puck.
14:14 of 2nd period - Wrist shot by Alex Chiasson.
14:14 of 2nd period - Shot Blocked by Adam Erne.
14:16 of 2nd period - Wrist shot by Alex Chiasson.
14:16 of 2nd period - Shot Misses the Net.
14:18 of 2nd period - Snap shot by Alex Chiasson.
14:18 of 2nd period - Stopped by Laurent Brossoit with a rebound.
14:20 of 2nd period - Wrist shot by Raphael Lavoie.
14:20 of 2nd period - Shot Misses the Net.
14:22 of 2nd period - Snap shot by Raphael Lavoie.
14:22 of 2nd period - Shot Blocked by Adam Erne.
14:59 of 2nd period - Icing by Declan Chisholm.
15:00 of 2nd period - Laurent Dauphin wins face-off versus Semyon Der-Arguchintsev in Sarnia Sailors zone.
15:00 of 2nd period - Laurent Dauphin is hit by Semyon Der-Arguchintsev.
15:16 of 2nd period - Snap shot by Alex Galchenyuk.
15:16 of 2nd period - Stopped by Laurent Brossoit without a rebound.
15:17 of 2nd period - Tristen Nielsen wins face-off versus Peter Abbandonato in Sarnia Sailors zone.
15:26 of 2nd period - Slapshot by Jack Rathbone.
15:26 of 2nd period - Stopped by Mackenzie Blackwood without a rebound.
15:27 of 2nd period - Tristen Nielsen wins face-off versus Peter Abbandonato in Newfoundland Shamrocks zone.
15:30 of 2nd period - Slapshot by Adam Erne.
15:30 of 2nd period - Stopped by Mackenzie Blackwood with a rebound.
15:40 of 2nd period - Backhand shot by Peter Abbandonato.
15:40 of 2nd period - Shot Misses the Net.
15:42 of 2nd period - Slapshot by Robert Bortuzzo.
15:42 of 2nd period - Deflect By Josh Archibald.
15:42 of 2nd period - Stopped by Laurent Brossoit without a rebound.
15:43 of 2nd period - Kevin Stenlund wins face-off versus Raphael Lavoie in Sarnia Sailors zone.
15:48 of 2nd period - Wrist shot by Keegan Kolesar.
15:48 of 2nd period - Stopped by Mackenzie Blackwood with a rebound.
16:30 of 2nd period - William Dufour is hit by Dominic Toninato and loses puck.
16:48 of 2nd period - Off-side.
16:49 of 2nd period - Kevin Stenlund wins face-off versus Semyon Der-Arguchintsev in neutral zone.
17:20 of 2nd period - Wrist shot by Vasily Podkolzin.
17:20 of 2nd period - Stopped by Mackenzie Blackwood with a rebound.
17:22 of 2nd period - Slapshot by Adam Ginning.
17:22 of 2nd period - Stopped by Mackenzie Blackwood with a rebound.
17:26 of 2nd period - Wrist shot by Vasily Podkolzin.
17:26 of 2nd period - Stopped by Mackenzie Blackwood with a rebound.
17:28 of 2nd period - Slapshot by Keegan Kolesar.
17:28 of 2nd period - Shot Misses the Net.
17:30 of 2nd period - Wrist shot by Vasily Podkolzin.
17:30 of 2nd period - Shot Misses the Net.
17:32 of 2nd period - Slapshot by Keegan Kolesar.
17:32 of 2nd period - Stopped by Mackenzie Blackwood without a rebound.
17:33 of 2nd period - Tristen Nielsen wins face-off versus Raphael Lavoie in Newfoundland Shamrocks zone.
17:34 of 2nd period - Wrist shot by Jesse Puljujarvi.
17:34 of 2nd period - Shot Misses the Net.
17:39 of 2nd period - Off-side.
17:40 of 2nd period - Raphael Lavoie wins face-off versus Tristen Nielsen in neutral zone.
17:47 of 2nd period - Backhand shot by Alex Chiasson.
17:47 of 2nd period - Shot Misses the Net.
17:49 of 2nd period - Snap shot by Jon Merrill.
17:49 of 2nd period - Shot Blocked by Jack Rathbone.
17:51 of 2nd period - Wrist shot by Alex Chiasson.
17:51 of 2nd period - Shot Misses the Net.
17:53 of 2nd period - Slapshot by Jon Merrill.
17:53 of 2nd period - Stopped by Laurent Brossoit with a rebound.
17:55 of 2nd period - Wrist shot by Maxime Comtois.
17:55 of 2nd period - Stopped by Laurent Brossoit with a rebound.
18:34 of 2nd period - Semyon Der-Arguchintsev is hit by Vasily Podkolzin and loses puck.
18:49 of 2nd period - Slapshot by Alex Galchenyuk.
18:49 of 2nd period - Stopped by Laurent Brossoit without a rebound.
18:50 of 2nd period - Laurent Dauphin wins face-off versus Samuel Poulin in Sarnia Sailors zone.
18:55 of 2nd period - Wrist shot by Laurent Dauphin.
18:55 of 2nd period - Shot Misses the Net.
18:57 of 2nd period - Snap shot by Laurent Dauphin.
18:57 of 2nd period - Stopped by Mackenzie Blackwood without a rebound.
18:58 of 2nd period - Keegan Kolesar wins face-off versus Peter Abbandonato in Newfoundland Shamrocks zone.
19:01 of 2nd period - Wrist shot by Vasily Podkolzin.
19:01 of 2nd period - Shot Blocked by Nicolas Deslauriers.
19:03 of 2nd period - Slapshot by Zach Uens.
19:03 of 2nd period - Stopped by Mackenzie Blackwood with a rebound.
19:11 of 2nd period - Snap shot by Keegan Kolesar.
19:11 of 2nd period - Stopped by Mackenzie Blackwood with a rebound.
19:13 of 2nd period - Backhand shot by Vasily Podkolzin.
19:13 of 2nd period - Shot Misses the Net.
19:23 of 2nd period - Slapshot by Tristen Nielsen.
19:23 of 2nd period - Stopped by Mackenzie Blackwood with a rebound.
19:25 of 2nd period - Wrist shot by Jesse Puljujarvi.
19:25 of 2nd period - Stopped by Mackenzie Blackwood with a rebound.
19:27 of 2nd period - Snap shot by Zach Uens.
19:27 of 2nd period - Stopped by Mackenzie Blackwood with a rebound.
Goals for this period are 0 for Newfoundland Shamrocks vs 1 for Sarnia Sailors.
Shots for this period are 12 for Newfoundland Shamrocks vs 23 for Sarnia Sailors.
3rd period
0:01 of 3rd period - Kevin Stenlund wins face-off versus Peter Abbandonato in neutral zone.
0:05 of 3rd period - Slapshot by Kevin Stenlund.
0:05 of 3rd period - Shot Blocked by Peter Abbandonato.
0:14 of 3rd period - Off-side.
0:15 of 3rd period - Raphael Lavoie wins face-off versus Tristen Nielsen in neutral zone.
0:37 of 3rd period - Icing by Tristen Nielsen.
0:38 of 3rd period - Peter Abbandonato wins face-off versus Kevin Stenlund in Sarnia Sailors zone.
0:39 of 3rd period - Snap shot by Nicolas Deslauriers.
0:39 of 3rd period - Shot Blocked by Declan Chisholm.
0:42 of 3rd period - Icing by Keegan Kolesar.
0:43 of 3rd period - Peter Abbandonato wins face-off versus Kevin Stenlund in Sarnia Sailors zone.
0:47 of 3rd period - Icing by Declan Chisholm.
0:48 of 3rd period - Raphael Lavoie wins face-off versus Kevin Stenlund in Sarnia Sailors zone.
1:23 of 3rd period - Snap shot by Jesse Puljujarvi.
1:23 of 3rd period - Shot Misses the Net.
1:25 of 3rd period - Slapshot by Jack Rathbone.
1:25 of 3rd period - Stopped by Mackenzie Blackwood without a rebound.
1:26 of 3rd period - Dominic Toninato wins face-off versus Peter Abbandonato in Newfoundland Shamrocks zone.
2:16 of 3rd period - Drew O'Connor is hit by Laurent Dauphin and loses puck.
2:22 of 3rd period - Jeremie Poirier is hit by Robert Hamilton and loses puck.
3:03 of 3rd period - Snap shot by Vasily Podkolzin.
3:03 of 3rd period - Stopped by Mackenzie Blackwood with a rebound.
4:46 of 3rd period - Tanner Laczynski is hit by Keegan Kolesar and loses puck.
5:39 of 3rd period - Cole Reinhardt is hit by Maxime Comtois and loses puck.
5:48 of 3rd period - Lucas Edmonds is hit by Maxime Comtois and loses puck.
5:56 of 3rd period - Icing by Jack Rathbone.
5:57 of 3rd period - Semyon Der-Arguchintsev wins face-off versus Dominic Toninato in Sarnia Sailors zone.
5:58 of 3rd period - Slapshot by Tanner Laczynski.
5:58 of 3rd period - Stopped by Laurent Brossoit with a rebound.
6:00 of 3rd period - Snap shot by Josh Archibald.
6:00 of 3rd period - Stopped by Laurent Brossoit without a rebound.
6:01 of 3rd period - Peter Abbandonato wins face-off versus Kevin Stenlund in Sarnia Sailors zone.
6:02 of 3rd period - Wrist shot by Josh Archibald.
6:02 of 3rd period - Shot Misses the Net.
6:51 of 3rd period - Lucas Edmonds is hit by Wyatte Wylie and loses puck.
7:12 of 3rd period - Wrist shot by Alex Galchenyuk.
7:12 of 3rd period - Shot Misses the Net.
7:14 of 3rd period - Snap shot by Alex Galchenyuk.
7:14 of 3rd period - Shot Blocked by Declan Chisholm.
7:34 of 3rd period - Jack Rathbone is hit by Josh Archibald and loses puck.
8:15 of 3rd period - Wrist shot by Dominic Toninato.
8:15 of 3rd period - Shot Misses the Net.
8:27 of 3rd period - William Villeneuve is hit by Daniel Torgersson and loses puck.
8:32 of 3rd period - Snap shot by Jamie Drysdale.
8:32 of 3rd period - Deflect By Laurent Dauphin.
8:32 of 3rd period - Shot Misses the Net.
8:32 of 3rd period - Puck is out of play.
8:33 of 3rd period - Peter Abbandonato wins face-off versus Laurent Dauphin in Newfoundland Shamrocks zone.
8:33 of 3rd period - Peter Abbandonato is hit by Jamie Drysdale.
8:47 of 3rd period - Wrist shot by Peter Abbandonato.
8:47 of 3rd period - Deflect By Josh Archibald.
8:47 of 3rd period - Stopped by Laurent Brossoit with a rebound.
8:49 of 3rd period - Snap shot by Peter Abbandonato.
8:49 of 3rd period - Shot Misses the Net.
8:59 of 3rd period - Adam Ginning is hit by Jon Merrill.
9:09 of 3rd period - Wrist shot by Alex Chiasson.
9:09 of 3rd period - Shot Misses the Net.
9:33 of 3rd period - Wrist shot by Cole Reinhardt.
9:33 of 3rd period - Shot Misses the Net.
9:48 of 3rd period - Alex Galchenyuk is hit by Adam Ginning and loses puck.
10:05 of 3rd period - Adam Ginning is hit by Dylan Coghlan and loses puck.
10:36 of 3rd period - Snap shot by Alex Chiasson.
10:36 of 3rd period - Shot Misses the Net.
11:19 of 3rd period - Snap shot by William Dufour.
11:19 of 3rd period - Shot Blocked by Declan Chisholm.
11:21 of 3rd period - Slapshot by Drew O'Connor.
11:21 of 3rd period - Shot Misses the Net.
11:23 of 3rd period - Snap shot by Samuel Poulin.
11:23 of 3rd period - Shot Misses the Net.
11:39 of 3rd period - Slapshot by Cole Reinhardt.
11:39 of 3rd period - Stopped by Mackenzie Blackwood with a rebound.
11:41 of 3rd period - Snap shot by Jack Rathbone.
11:41 of 3rd period - Stopped by Mackenzie Blackwood with a rebound.
11:43 of 3rd period - Wrist shot by Dominic Toninato.
11:43 of 3rd period - Stopped by Mackenzie Blackwood with a rebound.
11:56 of 3rd period - Off-side.
11:57 of 3rd period - Raphael Lavoie wins face-off versus Laurent Dauphin in neutral zone.
12:12 of 3rd period - Wrist shot by Laurent Dauphin.
12:12 of 3rd period - Stopped by Mackenzie Blackwood with a rebound.
12:14 of 3rd period - Backhand shot by Zach Uens.
12:14 of 3rd period - Stopped by Mackenzie Blackwood with a rebound.
12:16 of 3rd period - Snap shot by Brad Lambert.
12:16 of 3rd period - Deflect By Daniel Torgersson.
12:16 of 3rd period - Goal by Daniel Torgersson - Newfoundland Shamrocks : 1 - Sarnia Sailors : 2.
12:17 of 3rd period - Keegan Kolesar wins face-off versus Peter Abbandonato in neutral zone.
12:39 of 3rd period - Jon Merrill is hit by Declan Chisholm and loses puck.
13:04 of 3rd period - Backhand shot by Josh Archibald.
13:04 of 3rd period - Stopped by Laurent Brossoit without a rebound.
13:05 of 3rd period - Tristen Nielsen wins face-off versus Samuel Poulin in Sarnia Sailors zone.
13:16 of 3rd period - Snap shot by William Dufour.
13:16 of 3rd period - Shot Blocked by Jesse Puljujarvi.
13:18 of 3rd period - Slapshot by Wyatte Wylie.
13:18 of 3rd period - Deflect By Samuel Poulin.
13:18 of 3rd period - Stopped by Laurent Brossoit with a rebound.
13:20 of 3rd period - Snap shot by Drew O'Connor.
13:20 of 3rd period - Shot Misses the Net.
13:37 of 3rd period - Slapshot by Alex Chiasson.
13:37 of 3rd period - Shot Misses the Net.
13:49 of 3rd period - Wrist shot by Alex Galchenyuk.
13:49 of 3rd period - Shot Blocked by Brad Lambert.
13:51 of 3rd period - Wrist shot by Alex Galchenyuk.
13:51 of 3rd period - Shot Misses the Net.
13:53 of 3rd period - Slapshot by William Villeneuve.
13:53 of 3rd period - Stopped by Laurent Brossoit with a rebound.
13:55 of 3rd period - Snap shot by Semyon Der-Arguchintsev.
13:55 of 3rd period - Stopped by Laurent Brossoit with a rebound.
13:57 of 3rd period - Wrist shot by Semyon Der-Arguchintsev.
13:57 of 3rd period - Shot Misses the Net.
13:59 of 3rd period - Slapshot by Jeremie Poirier.
13:59 of 3rd period - Shot Blocked by Laurent Dauphin.
14:54 of 3rd period - Off-side.
14:55 of 3rd period - Tristen Nielsen wins face-off versus Samuel Poulin in neutral zone.
15:04 of 3rd period - Slapshot by Jamie Drysdale.
15:04 of 3rd period - Shot Blocked by Samuel Poulin.
15:06 of 3rd period - Slapshot by Jamie Drysdale.
15:06 of 3rd period - Stopped by Mackenzie Blackwood without a rebound.
15:07 of 3rd period - Samuel Poulin wins face-off versus Kevin Stenlund in Newfoundland Shamrocks zone.
15:20 of 3rd period - Snap shot by Drew O'Connor.
15:20 of 3rd period - Stopped by Laurent Brossoit without a rebound.
15:21 of 3rd period - Samuel Poulin wins face-off versus Lucas Edmonds in Sarnia Sailors zone.
15:24 of 3rd period - Snap shot by Drew O'Connor.
15:24 of 3rd period - Shot Misses the Net.
15:46 of 3rd period - Keegan Kolesar is hit by Maxime Comtois and loses puck.
16:36 of 3rd period - Laurent Dauphin is hit by Semyon Der-Arguchintsev and loses puck.
17:19 of 3rd period - Off-side.
17:20 of 3rd period - Vasily Podkolzin wins face-off versus Peter Abbandonato in neutral zone.
17:22 of 3rd period - Jamie Drysdale and Wyatte Wylie fight to a draw.
17:22 of 3rd period - Penalty to Jamie Drysdale for Fighting.
17:22 of 3rd period - Penalty to Wyatte Wylie for Fighting.
17:23 of 3rd period - Dominic Toninato wins face-off versus Samuel Poulin in Newfoundland Shamrocks zone.
17:28 of 3rd period - Slapshot by Lucas Edmonds.
17:28 of 3rd period - Shot Blocked by Samuel Poulin.
17:45 of 3rd period - Dominic Toninato beats up Nicolas Deslauriers.
17:45 of 3rd period - Penalty to Dominic Toninato for Fighting.
17:45 of 3rd period - Penalty to Nicolas Deslauriers for Fighting.
17:46 of 3rd period - Samuel Poulin wins face-off versus Kevin Stenlund in neutral zone.
18:11 of 3rd period - Raphael Lavoie is hit by Brad Lambert and loses puck.
18:34 of 3rd period - Slapshot by Jesse Puljujarvi.
18:34 of 3rd period - Stopped by Mackenzie Blackwood with a rebound.
18:42 of 3rd period - Newfoundland Shamrocks, Mackenzie Blackwood is pulled from the net.
18:56 of 3rd period - Wrist shot by Alex Chiasson.
18:56 of 3rd period - Stopped by Laurent Brossoit with a rebound.
19:24 of 3rd period - Wrist shot by Maxime Comtois.
19:24 of 3rd period - Stopped by Laurent Brossoit without a rebound.
19:25 of 3rd period - Dom Ducharme call a timeout for Newfoundland Shamrocks.
19:25 of 3rd period - Kevin Stenlund wins face-off versus Raphael Lavoie in Sarnia Sailors zone.
19:42 of 3rd period - Snap shot by Alex Chiasson.
19:42 of 3rd period - Stopped by Laurent Brossoit with a rebound.
19:44 of 3rd period - Wrist shot by Alex Chiasson.
19:44 of 3rd period - Stopped by Laurent Brossoit with a rebound.
19:48 of 3rd period - Slapshot by Jeremie Poirier.
19:48 of 3rd period - Shot Blocked by Zach Uens.
19:50 of 3rd period - Snap shot by Dylan Coghlan.
19:50 of 3rd period - Shot Misses the Net.
19:52 of 3rd period - Wrist shot by Dylan Coghlan.
19:52 of 3rd period - Stopped by Laurent Brossoit with a rebound.
19:54 of 3rd period - Snap shot by Maxime Comtois.
19:54 of 3rd period - Shot Misses the Net.
19:56 of 3rd period - Wrist shot by Maxime Comtois.
19:56 of 3rd period - Stopped by Laurent Brossoit without a rebound.
19:57 of 3rd period - Kevin Stenlund wins face-off versus Raphael Lavoie in Sarnia Sailors zone.
Goals for this period are 0 for Newfoundland Shamrocks vs 1 for Sarnia Sailors.
Shots for this period are 14 for Newfoundland Shamrocks vs 10 for Sarnia Sailors.
Back to the Top